 Dungeon Crawl Stone Soup version 0.30.1-9-gdf580d7c3d (webtiles) character file.

Game seed: 12118100501381653144

13889 Ironcache the Geomancer (level 12, -17/77 HPs)
             Began as a Gargoyle Earth Elementalist on Oct 8, 2023.
             Was a Believer of Vehumet.
             Demolished by a red ugly thing (22 damage)
             ... on level 10 of the Dungeon.
             The game lasted 00:56:23 (14196 turns).

Ironcache the Geomancer (GrEE)                     Turns: 14196, Time: 00:56:24

Health: -17/77     AC: 23    Str: 13    XL:     12   Next: 10%
Magic:  9/25       EV: 12    Int: 20    God:    Vehumet [**....]
Gold:   420        SH:  3    Dex: 10    Spells: 23/29 levels left

rFire   . . .        I - +3 rapier (holy)
rCold   . . .        X - +0 buckler
rNeg    + . .        N - +0 acid dragon scales
rPois   ∞            r - +0 helmet
rElec   +            M - +2 cloak {rCorr}
rCorr   +            Q - +0 pair of gloves
SInv    .            h - +0 pair of boots
Will    +....        u - amulet of regeneration
Stlth   ++           x - ring of willpower
HPRegen 1.12/turn    (no ring)
MPRegen 0.19/turn

%: no passive effects
@: brilliant
A: sickness immunity, AC +8, negative energy resistance 1, electricity
resistance, torment resistance 1, petrification resistance
a: Renounce Religion


You were on level 10 of the Dungeon.
You worshipped Vehumet.
Vehumet was pleased with you.
You visited 2 branches of the dungeon, and saw 11 of its levels.

You collected 420 gold pieces.

Inventory:

Hand Weapons
 f - a +0 dagger
 k - a +0 short sword
 A - a +1 quarterstaff of distortion
 I - a +3 rapier of holy wrath (weapon)
 L - a +2 quarterstaff of chaos
Missiles
 E - a throwing net
Armour
 a - a +0 robe
 h - a +0 pair of boots (worn)
 r - a +0 helmet (worn)
 M - a +2 cloak of preservation (worn)
 N - +0 acid dragon scales (worn)
 O - a +1 cloak
 Q - a +0 pair of gloves (worn)
 R - a +2 kite shield of positive energy
 W - +0 steam dragon scales
 X - a +0 buckler (worn)
Magical Staves
 B - a staff of cold
Jewellery
 j - an amulet of the acrobat
 u - an amulet of regeneration (around neck)
 x - a ring of willpower (left hand)
 T - a +6 ring of strength
 U - a ring of positive energy
Wands
 o - a wand of roots (22)
 p - a wand of flame (9)
 s - a wand of charming (13)
 z - a wand of acid (10)
Scrolls
 d - 12 scrolls of identify {unknown}
 e - a scroll of enchant armour {unknown}
 l - a scroll of enchant weapon {unknown}
 m - a scroll of blinking {unknown}
 n - a scroll of noise {unknown}
 t - 2 scrolls of amnesia {unknown}
 w - 2 scrolls of fear {unknown}
 y - a scroll of vulnerability {unknown}
 C - 3 scrolls of teleportation {unknown}
 F - a scroll of immolation {unknown}
 J - a scroll of brand weapon {unknown}
 K - a scroll of torment {unknown}
 S - a scroll of poison {unknown}
Potions
 b - a potion of magic
 c - 6 potions of curing
 g - 3 potions of brilliance
 i - a potion of might {unknown}
 q - 2 potions of lignification {unknown}
 v - 4 potions of degeneration {unknown}
 D - 2 potions of flight {unknown}
 G - a potion of resistance {unknown}
 H - a potion of mutation {unknown}
 P - a potion of attraction {unknown}
 V - a potion of heal wounds {unknown}


   Skills:
 + Level 9.8 Fighting
 - Level 5.0 Armour
 - Level 6.0 Dodging
 - Level 3.0 Stealth
 * Level 9.3 Spellcasting
 * Level 7.5 Conjurations
 - Level 1.0 Transmutations
 - Level 11.0 Earth Magic


You had 23 spell levels left.
You knew the following spells:

 Your Spells              Type           Power      Damage    Failure   Level
a - Sandblast             Erth           100%       2d20      1%          1
b - Stone Arrow           Conj/Erth      100%       3d13      1%          3
c - Passwall              Tmut/Erth      40%        N/A       1%          2

Your spell library contained the following spells:

 Spells                   Type           Power      Damage    Failure   Level
 Static Discharge         Conj/Air       72%        2-5/arc   4%          2
 Momentum Strike          Conj/Tloc      72%        3d10      4%          2
 Dazzling Flash           Conj/Hex       72%        N/A       10%         3
 Petrify                  Tmut/Erth      49%        N/A       13%         4
 Summon Small Mammal      Summ           52%        N/A       16%         1
 Blink                    Tloc           26%        N/A       22%         2
 Lesser Beckoning         Tloc           26%        N/A       22%         2
 Iskenderun's Mystic Bla  Conj/Tloc      36%        2d9       30%         4
 Call Canine Familiar     Summ           13%        N/A       41%         3
 Summon Guardian Golem    Hex/Summ       13%        N/A       41%         3
 Volatile Blastmotes      Fire/Tloc      26%        2d12      41%         3
 Passage of Golubria      Tloc           13%        N/A       83%         4
 Summon Lightning Spire   Summ/Air       13%        N/A       83%         4
 Silence                  Hex/Air        6%         N/A       99%         5
 Starburst                Conj/Fire      18%        6d7       99%         6
 Storm Form               Tmut/Air       8%         N/A       100%        7
 Lehudib's Crystal Spear  Conj/Erth      31%        10d8      100%        8
 Maxwell's Capacitive Co  Air            6%         ∞         100%        8


Dungeon Overview and Level Annotations

Branches:
Dungeon (10/15)            Temple (1/1) D:6            Lair (0/5) D:10
    Orc: D:9-12

Altars:
Ashenzari
Cheibriados
Dithmenos
Elyvilon
Fedhas
Gozag
Hepliaklqana
Kikubaaqudgha
Makhleb
Nemelex Xobeh
Okawaru
Qazlal
Ru
Sif Muna
Trog
Uskayaw
Vehumet
Wu Jian
Xom
Yredelemnul
Zin
The Shining One

Shops:
D:1 =   D:3 [   D:5 =   D:8 ==::*


Innate Abilities, Weirdness & Mutations

You are immune to sickness and miasma.
Your stone body is resilient. (AC +8)
You are immune to poison.
You resist negative energy. (rN+)
You are resistant to electric shocks. (rElec)
You are resistant to unholy torment.
You are immune to petrification.


Message History

The centaur warrior shoots an arrow.
The arrow hits you!
Casting: Stone Arrow (safe; 1% risk of failure)
Confirm with . or Enter, or press ? or * to list all spells.
Aiming: Stone Arrow (safe; 1% risk of failure)
Press: ? - help, Shift-Dir - straight line, f/p - centaur warrior
Aim: a centaur warrior, wielding a +0 shortbow (82% to hit)
The stone arrow hits the centaur warrior!
The centaur warrior is moderately wounded.
The deep elf pyromancer mumbles some strange words.
The deep elf pyromancer blinks!
The centaur warrior shoots an arrow.
The arrow hits you!!
The deep elf pyromancer mumbles some strange words.
The deep elf pyromancer gestures wildly while chanting.
The deep elf pyromancer blinks!
The fire elemental hits you. The fire elemental burns you!
Okay, then.
The purple ugly thing gurgles horribly!
The red ugly thing bites you but does no damage.
The red ugly thing bites you!
* * * LOW HITPOINT WARNING * * *
You are engulfed in flames!
* * * LOW HITPOINT WARNING * * *
The fire elemental hits you.
It was a potion of curing.
You feel better.
The red ugly thing bites you but does no damage.
The fire elemental hits you. The fire elemental burns you!
* * * LOW HITPOINT WARNING * * *
It was a potion of brilliance.
You feel clever all of a sudden. You block the fire elemental's attack.
The red ugly thing is engulfed in blazing flames.
The deep elf pyromancer mumbles some strange words.
The fire elemental disappears in a puff of smoke!
The red ugly thing attacks as you move away!
The red ugly thing bites you but does no damage.
The red ugly thing attacks as you move away!
The red ugly thing bites you!
* * * LOW HITPOINT WARNING * * *
You are engulfed in flames!!
You die...

.. #.#.#######.# . ...
#.#.........# . ...
#.#####.######## .
#.##.#.........#([. §
....#..######.#(.. . #..#.#.#
#.#..'#. #.#.##.# #.####e.
#.u.# #.# #.○○ecE# #@#.#
#.##.####☼. #.......#......#.#
#.#°# '#.
#.......#......#u######..# ?c#.
#..#....#......#.E☼u.☼eE○#$!?#.
#..#....#......#####E#########.
#..#....#......#####.#####...#.
#.......#....#.##..#.#..##.#...
#......##....#.##..).#..##..##.
#......#.......#####[#.####.#.#


You could see a red ugly thing.

Vanquished Creatures
  A centaur warrior (D:9)
  A boulder beetle (D:10)
  A two-headed ogre (D:9)
  Erica (D:8)
  Pikel (D:8)
  A manticore (D:10)
  A cyclops (D:9)
  Maggie (D:7)
  A cane toad (shapeshifter) (D:8)
  6 trolls
  A hornet (D:10)
  Prince Ribbit (D:8)
  A slime creature (D:10)
  2 vampires
  Sigmund (D:6)
  10 yaks
  A shadow (D:10)
  Eustachio (D:6)
  3 steam dragons
  4 wyverns
  A water moccasin (D:5)
  An acid dragon (D:10)
  Duvessa (D:6)
  3 black bears
  5 orc warriors
  2 sky beasts
  2 ice beasts
  6 centaurs
  3 ogres
  5 kobold brigands
  3 bullfrogs
  A gnoll sergeant (D:10)
  3 wights (D:8)
  Dowan (D:6)
  6 killer bees
  5 howler monkeys
  A jelly (D:5)
  3 hounds
  2 gnoll boudas
  11 orc priests
  Crazy Yiuf (D:7)
  A sleepcap (D:3)
  Jessica (D:2)
  4 iguanas
  12 orc wizards
  12 gnolls
  12 adders
  A shadow imp (D:5)
  3 white imps
  An ufetubus (D:5)
  3 worms
  A dart slug (D:1)
  35 orcs
  5 ball pythons
  10 endoplasms
  2 giant cockroaches (D:3)
  6 hobgoblins
  3 jackals (D:1)
  2 quokkas
  9 bats
  4 frilled lizards
  10 goblins
  23 kobolds
  3 rats
269 creatures vanquished.

Vanquished Creatures (others)
  An orc (D:10)
1 creature vanquished.

Grand Total: 270 creatures vanquished

Notes
Turn   | Place    | Note
-------+----------+-------------------------------------------
     0 | D:1      | Ironcache the Gargoyle Earth Elementalist began the quest
                  | for the Orb.
     0 | D:1      | Reached XP level 1. HP: 10/10 MP: 3/3
   268 | D:1      | Reached XP level 2. HP: 16/16 MP: 1/5
   439 | D:1      | Reached skill level 1 in Transmutations
   548 | D:1      | Reached XP level 3. HP: 20/20 MP: 2/6
   550 | D:1      | Reached skill level 1 in Fighting
   645 | D:1      | Reached skill level 4 in Earth Magic
   877 | D:1      | Found Wuahumok's Jewellery Shop.
  1377 | D:2      | Reached XP level 4. HP: 25/25 MP: 4/7
  1455 | D:2      | Noticed Jessica
  1477 | D:2      | Killed Jessica
  2094 | D:3      | Reached XP level 5. HP: 23/30 MP: 3/9
  2173 | D:3      | Found a faded altar of an unknown god.
  2203 | D:3      | Found Qinites's Antique Armour Shop.
  2679 | D:4      | Reached skill level 1 in Conjurations
  2684 | D:4      | Learned a level 3 spell: Stone Arrow
  2866 | D:4      | Noticed a black bear
  3008 | D:4      | Reached XP level 6. HP: 36/36 MP: 8/10
  3103 | D:4      | Killed a black bear
  3104 | D:4      | Reached skill level 5 in Earth Magic
  3692 | D:5      | Entered Level 5 of the Dungeon
  3695 | D:5      | Reached XP level 7. HP: 41/41 MP: 9/12
  3763 | D:5      | Found Wyusogic's Jewellery Emporium.
  3817 | D:5      | Found a shadowy altar of Dithmenos.
  4487 | D:5      | Reached skill level 6 in Earth Magic
  4487 | D:5      | Reached XP level 8. HP: 41/48 MP: 8/14
  5041 | D:5      | Learned a level 2 spell: Passwall
  5491 | D:6      | Reached skill level 5 in Fighting
  5796 | D:6      | Reached skill level 7 in Earth Magic
  5862 | D:6      | Reached skill level 5 in Spellcasting
  6121 | D:6      | Noticed Sigmund
  6123 | D:6      | Killed Sigmund
  6124 | D:6      | Reached XP level 9. HP: 55/55 MP: 9/16
  6214 | D:6      | Noticed Eustachio
  6228 | D:6      | Killed Eustachio
  6590 | D:6      | Noticed Dowan
  6599 | D:6      | Noticed Duvessa
  6601 | D:6      | Killed Dowan
  6727 | D:6      | Killed Duvessa
  6728 | D:6      | Reached skill level 5 in Dodging
  7069 | D:6      | Found a staircase to the Ecumenical Temple.
  7075 | Temple   | Entered the Ecumenical Temple
  7105 | Temple   | Became a worshipper of Vehumet
  7556 | D:7      | Reached skill level 8 in Earth Magic
  8069 | D:7      | Found a runed translucent door.
  8070 | D:7      | Noticed Crazy Yiuf
  8077 | D:7      | Killed Crazy Yiuf
  8202 | D:7      | Identified the +6 rapier "Muipt" {chaos, rPois Will- rCorr
                  | Dex+5}
  8293 | D:7      | Found a large runed translucent door.
  8294 | D:7      | Found a large runed translucent door.
  8297 | D:7      | Found a shimmering altar of Xom.
  8699 | D:7      | Noticed Maggie
  8703 | D:7      | Killed Maggie
  8704 | D:7      | Reached XP level 10. HP: 41/63 MP: 6/19
  8853 | D:8      | Reached skill level 9 in Earth Magic
  8861 | D:7      | Reached skill level 1 in Armour
  9627 | D:8      | Noticed Pikel
  9634 | D:8      | Killed Pikel
  9839 | D:8      | Noticed Erica
  9909 | D:8      | Killed Erica
  9909 | D:8      | Reached * piety under Vehumet
  9909 | D:8      | Offered knowledge of Freeze by Vehumet.
  9977 | D:8      | Found Enusy's Jewellery Emporium.
 10003 | D:8      | Found Yxki's Jewellery Shoppe.
 10088 | D:8      | Found Cyor's Book Emporium.
 10205 | D:8      | Noticed Prince Ribbit
 10209 | D:8      | Killed Prince Ribbit
 10210 | D:8      | Reached skill level 10 in Earth Magic
 10248 | D:8      | Found Luiceoxt's Book Emporium.
 10253 | D:8      | Found Syggaosuenu's General Store.
 10934 | D:9      | Reached XP level 11. HP: 58/69 MP: 2/22
 12069 | D:9      | Noticed a centaur warrior
 12080 | D:9      | Offered knowledge of Static Discharge by Vehumet.
 12182 | D:9      | Reached ** piety under Vehumet
 12216 | D:9      | Killed a centaur warrior
 12217 | D:9      | Reached skill level 5 in Armour
 12251 | D:9      | Noticed a two-headed ogre
 12415 | D:9      | Killed a two-headed ogre
 12416 | D:9      | Reached skill level 5 in Conjurations
 12416 | D:9      | Reached skill level 11 in Earth Magic
 12584 | D:9      | Noticed a cyclops
 12602 | D:9      | Killed a cyclops
 12684 | D:10     | Entered Level 10 of the Dungeon
 13042 | D:10     | Noticed a manticore
 13045 | D:10     | Killed a manticore
 13181 | D:10     | Noticed a red ugly thing
 13203 | D:10     | Found a staircase to the Lair.
 13945 | D:10     | Noticed a boulder beetle
 13947 | D:10     | Noticed a deep elf pyromancer
 13947 | D:10     | Noticed a purple ugly thing
 13948 | D:10     | Noticed a four-headed hydra
 13948 | D:10     | Noticed a cyclops
 14017 | D:10     | Reached XP level 12. HP: 77/77 MP: 11/25
 14113 | D:10     | Killed a boulder beetle
 14172 | D:10     | Noticed a centaur warrior
 14196 | D:10     | Demolished by a red ugly thing

Illustrated notes

Levels and vault maps discovered:
D:1:      dpeg_arrival_lava_temple_mockup, layout_loops_ring, serial_shops,
          shop, minivault_24, hangedman_abyss_or_decor_stabs,
          minmay_misc_feat_ornament
D:2:      layout_basic, minmay_split_cup_large, uniq_jessica
D:3:      layout_rooms, serial_shops, shop,
          shapermc_ecumenical_altar_mp_highgroup, dk_noncrumbling_3
D:4:      layout_basic, chequers_serial_rivers_room_a, grunt_ministairs_9,
          dreamdust_princess_bridge
D:5:      minmay_angry_zag, layout_loops_corners, grunt_dithmenos_shadows,
          serial_shops, shop
D:6:      wander_river, layout_basic, minmay_temple_entry_statues_pillars,
          uniq_eustachio, uniq_sigmund, uniq_duvessa
D:7:      due_chaos_kobolds, layout_basic, corexii_item_surrounded_by_moat,
          uniq_maggie, uniq_crazy_yiuf_cottage
D:8:      layout_rooms, serial_shops, nicolae_shop_behind_doors,
          nicolae_book_shop_shelving, shop, shop, kennysheep_mini_moat,
          uniq_prince_ribbit1, uniq_pikel, uniq_erica
D:9:      layout_basic, kb_rosetta
D:10:     minmay_the_grid_3x3 [minmay_the_grid_pillar_ring,
          minmay_the_grid_slots, minmay_the_grid_armoury,
          minmay_the_grid_gridbox, minmay_the_grid_box_x,
          minmay_the_grid_broken_lines, minmay_the_grid_odd_star,
          minmay_the_grid_rooms, minmay_the_grid_prize_four_corners],
          layout_stronghold
Temple:   mainiacjoe_temple_hex_bubbles

Skill      XL: |  1  2  3  4  5  6  7  8  9 10 11 |
---------------+----------------------------------+-----
Transmutations | 1 |  1.0
Fighting       | 1 2 3 4 5 7 8 9 |  9.8
Earth Magic    | 4 5 6 7 8 10 11 | 11.0
Dodging        | 2 3 4 5 6 |  6.0
Stealth        | 3 |  3.0
Conjurations   | 1 2 3 7 |  7.5
Spellcasting   | 3 4 5 6 7 9 |  9.3
Armour         | 4 5 |  5.0

Action                     |  1- 3 |  4- 6 |  7- 9 | 10-12 || total
---------------------------+-------+-------+-------+-------++-------
  Melee: Unarmed           |    13 |       |       |       ||    13
         Dagger            |     1 |       |       |       ||     1
         Short sword       |     2 |    23 |    17 |       ||    42
         Rapier            |       |       |     1 |       ||     1
         Quarterstaff      |       |       |       |    54 ||    54
   Cast: Sandblast         |    43 |    94 |    53 |    26 ||   216
         Stone Arrow       |       |       |   105 |   235 ||   340
         Passwall          |       |       |     8 |    10 ||    18
    Use: Potion            |       |       |       |     2 ||     2
 Armour: Robe              |    10 |    20 |    47 |       ||    77
         Acid dragon scale |       |       |       |   130 ||   130
         Steam dragon scal |       |       |       |    43 ||    43
  Dodge: Dodged            |    23 |    25 |    68 |   154 ||   270
  Block: Buckler           |       |       |       |     1 ||     1
